Map: Prion Terraces

Players

lesha - Winner!

  • Race: Terran Terran
  • League: Silver

Spinogruz

  • Race: Zerg Zerg
  • League: Silver

VOD

Have the link to the VOD?

Description

Time

  • Played on: Jan. 5, 2016, 4:54 a.m.
  • Length: 11:55
Show
View Real Time Build Order
Export as new Build Order

lesha Terran - Winner!

Build Orders: Reaper Expand, MMM Bio 

Get SALT Encoding   

  12  0:01  SCV  
  13  0:13  SCV  
  14  0:19  Supply Depot  
  14  0:26  SCV  
  15  0:40  SCV  
  15  0:42  Barracks  
  16  0:46  Refinery  
  16  0:52  SCV  
  17  1:04  SCV  
  18  1:17  SCV  
  19  1:29  Orbital Command  
  19  1:30  Reaper  
  20  1:44  Command Center  
  20  1:57  SCV  
  21  2:08  Barracks  
  21  2:18  Barracks Reactor  
  21  2:22  SCV  
  22  2:29  Supply Depot  
  22  2:31  Refinery  
  22  2:33  Factory  
  22  2:34  SCV  
  23  2:51  SCV  
  24  3:05  Supply Depot  
  24  3:09  Bunker  
  24  3:12  SCV  
  25  3:16  Barracks Reactor  
  25  3:24  SCV, Barracks  
  25  3:27  Starport  
  26  3:30  Factory Tech Lab  
  26  3:41  Orbital Command  
  26  3:43  SCV  
  26  3:47  Marine x2  
  29  3:54  Marine x2  
  29  3:55  SCV  
  32  4:07  SCV  
  33  4:12  SCV  
  33  4:13  Marine x4  
  33  4:14  Barracks Tech Lab  
  33  4:15  Starport Reactor  
  38  4:19  SCV  
  39  4:24  SCV  
  39  4:29  Supply Depot  
  39  4:31  SCV, Marine  
  42  4:36  SCV, Stimpack, Marine  
  44  4:40  Barracks, Marine x2  
  45  4:46  SCV  
  45  4:48  SCV  
  45  4:52  Supply Depot  
  47  4:55  Marine x2  
  47  4:56  Engineering Bay  
  47  4:58  SCV, Marauder  
  52  5:00  SCV  
  52  5:03  Medivac  
  52  5:04  Medivac  
  57  5:10  SCV  
  57  5:12  SCV  
  57  5:13  Refinery  
  59  5:14  Refinery, Marine  
  59  5:15  Marine  
  59  5:17  Marine  
  59  5:18  Marine  
  63  5:21  Terran Infantry Weapons Level 1  
  63  5:25  SCV x2  
  65  5:40  Supply Depot, Marine x3  
  65  5:41  Supply Depot  
  68  5:43  Barracks Reactor  
  68  5:44  Marine  
  69  6:00  Marine  
  69  6:02  Marauder, Medivac x2, Marine x2  
  78  6:12  Command Center, Marine  
  78  6:18  Supply Depot, Marine  
  80  6:20  Supply Depot  
  80  6:23  Marine x5  
  85  6:36  Combat Shields  
  85  6:39  SCV  
  87  6:40  SCV  
  87  6:52  SCV x2  
  82  7:03  Marine x7  
  82  7:05  Medivac x2  
  87  7:20  Marine  
  81  7:24  Marine x2  
  81  7:25  Marine x2  
  81  7:26  Marauder  
  87  7:33  Barracks  
  87  7:34  Barracks  
  87  7:35  Supply Depot, Medivac  
  87  7:36  Engineering Bay  
  89  7:37  Barracks  
  89  7:40  Marine x2  
  91  7:45  Supply Depot  
  91  7:49  Marine x2  
  91  7:50  Marine x2  
  95  7:53  Marauder  
  95  7:56  Siege Tank  
  100  8:08  Terran Infantry Armor Level 1  
  100  8:10  Armory  
  100  8:13  Orbital Command  
  100  8:15  SCV x2  
  102  8:27  SCV  
  102  8:28  SCV  
  102  8:29  Marine x4  
  102  8:30  Barracks Tech Lab, Marine  
  102  8:31  Barracks Tech Lab x2  
  102  8:32  Marine x2  
  111  8:43  Concussive Shells  
  111  8:52  Marine x5  
  111  8:53  Marauder x3  
  111  8:54  Marauder  
  124  9:15  Command Center  
  123  9:32  Marine x2  
  123  9:33  Marine x3  
  123  9:34  Marauder x2  
  123  9:35  Marine  
  133  9:44  Marauder  
  133  9:45  Marauder  
  131  9:50  Marine x3  
  131  9:51  Marine x2  
  130  9:55  Marauder  
  130  9:59  Marine  
  133  10:19  Marine x4  
  133  10:20  Marauder x2  
  132  10:27  Marauder x2, Medivac x2  
  137  10:32  Marine  
  137  10:33  Marine  
  132  10:35  SCV x2  
  132  10:36  SCV  
  132  10:37  Marine x2  
  132  10:41  Marauder  
  132  10:42  Marauder  
  135  10:46  Marine  
  135  10:47  SCV, Marine  
  135  10:48  SCV x2, Marauder x2  
  143  10:50  Marine x2  
  143  10:55  Marine  
  146  10:58  Marine  
  146  11:02  Marine  
  148  11:05  Marine  
  148  11:12  Marine  
  148  11:13  Marauder  
  148  11:17  Marine x2  
  146  11:19  Siege Tank  
Show
View Real Time Build Order
Export as new Build Order

Spinogruz Zerg 

Build Orders: Hatch First 

Get SALT Encoding   

  12  0:02  Drone  
  13  0:09  Drone  
  14  0:38  Hatchery  
  13  0:47  Drone  
  14  0:57  Spawning Pool  
  14  0:58  Drone  
  14  1:07  Overlord  
  14  1:33  Drone x3  
  17  1:40  Extractor  
  17  1:44  Queen  
  18  1:52  Queen  
  19  2:18  Drone x3  
  19  2:20  Drone x3  
  25  2:39  Extractor  
  25  2:42  Drone x2  
  26  2:45  Queen  
  28  2:59  Overlord x2  
  28  3:13  Metabolic Boost  
  28  3:17  Roach Warren  
  27  3:28  Drone x3  
  30  3:51  Drone  
  30  3:52  Drone x7  
  30  3:53  Drone x3  
  41  3:58  Lair  
  41  4:23  Roach  
  43  4:29  Overlord x2  
  43  4:35  Hatchery  
  43  4:37  Extractor  
  41  4:44  Zergling x4  
  41  4:45  Zergling x2  
  44  4:49  Overlord x4  
  44  4:54  Spore Crawler  
  44  4:57  Spore Crawler  
  42  5:06  Glial Reconstitution  
  42  5:08  Roach x2  
  42  5:09  Roach x4  
  54  5:14  Pneumatized Carapace  
  54  5:22  Overseer  
  54  5:37  Zergling x6  
  54  5:38  Zergling x10  
  62  6:01  Drone  
  62  6:02  Drone x6  
  62  6:03  Drone x5  
  74  6:04  Queen  
  76  6:39  Spore Crawler  
  75  6:41  Spore Crawler x2  
  59  7:22  Drone x5  
  64  7:23  Drone  
  65  7:30  Spore Crawler  
  65  7:31  Spore Crawler  
  65  7:36  Extractor  
  62  7:37  Drone x3  
  62  7:38  Drone x7  
  62  7:41  Extractor  
  62  7:43  Extractor  
  70  7:58  Queen  
  70  8:00  Drone x5  
  70  8:01  Drone x2  
  70  8:05  Extractor  
  78  8:15  Hydralisk Den  
  78  8:18  Queen  
  79  8:25  Drone  
  79  8:26  Drone x2  
  82  8:34  Roach x6  
  90  8:35  Overlord, Roach  
  90  8:36  Overlord x5  
  96  8:50  Evolution Chamber  
  96  8:54  Evolution Chamber  
  94  9:09  Roach x2  
  90  9:10  Roach x6  
  90  9:11  Roach x2  
  90  9:16  Zerg Missile Weapons Level 1  
  96  9:32  Ravager  
  96  9:33  Ravager x8  
  105  9:42  Ravager  
  105  9:43  Ravager x2  
  87  9:56  Roach x7  
  87  9:57  Roach x5  
  108  10:30  Roach x5  
  108  10:31  Roach x2  
  103  10:46  Roach x2  
  75  11:28  Roach x3  
  75  11:29  Roach x3  
Tags
 
Add a new tag
Caveats
  • Supply blocks, unpowered buildings, or Contaminate may cause inaccurate times.
  • Supply counts are checked every 10 seconds.